 Dungeon Crawl Stone Soup version 0.17.2-1-ge4368a0 (webtiles) character file.

42 Goblin1989 the Vexing (level 3, 0/24 HPs)
             Began as a Demonspawn Enchanter on July 9, 2018.
             Succumbed to an adder's poison
             ... on level 2 of the Dungeon.
             The game lasted 00:03:24 (1236 turns).

Goblin1989 the Vexing (Demonspawn Enchanter)        Turns: 1236, Time: 00:03:25

Health: 0/24       AC:  4    Str:  9    XL:     3   Next: 33%
Magic:  6/6        EV: 11    Int: 16    God:
Gold:   85         SH:  0    Dex: 13    Spells: 1 memorised, 5 levels left

rFire  . . .     SeeInvis .       - Unarmed
rCold  . . .     Clarity  .     k - +0 leather armour (curse)
rNeg   . . .     SustAt   .     (no shield)
rPois  .         Gourm    .     (no helmet)
rElec  .         Spirit   .     (no cloak)
rCorr  .         Warding  .     d - +0 pair of gloves (curse)
rMut   .         Stasis   .     (no boots)
MR     .....                    (no amulet)
Stlth  +.........               (no ring)
                                l - ring of loudness (curse)

@: lethally poisoned (0 -> -4), very slightly contaminated, hasted, very quick,
not resistant to hostile enchantments, very unstealthy
A: claws 1, rot immunity
a: no special abilities


You were on level 2 of the Dungeon.
You were very hungry.

You visited 1 branch of the dungeon, and saw 2 of its levels.

You collected 85 gold pieces.

Inventory:

Hand Weapons
 a - a +1 dagger
Armour
 d - a cursed +0 pair of gloves (worn)
 k - a cursed +0 leather armour (worn)
Jewellery
 l - a cursed ring of loudness (left hand)
Scrolls
 g - a scroll of immolation {unknown}
 h - 2 scrolls of remove curse {unknown}
 j - a scroll of recharging {unknown}
Books
 c - a book of Maledictions

   Spells                             Type                      Level
   a - Corona                         Hexes                        1
   b - Ensorcelled Hibernation        Hexes/Ice                    2
   c - Confuse                        Hexes                        3
   d - Tukima's Dance                 Hexes                        3
   e - Dazzling Spray                 Conjuration/Hexes            3
Comestibles
 b - a beef jerky
 e - a bread ration {@e1}
 m - a slice of pizza
 n - a meat ration {@e2}


   Skills:
 - Level 1.8 Short Blades
 - Level 1.7 Dodging
 - Level 2.6 Stealth
 + Level 2.1 Unarmed Combat
 - Level 2.0 Spellcasting
 - Level 3.0 Hexes


You had 5 spell levels left.
You knew the following spells:

 Your Spells              Type           Power        Failure   Level  Hunger
a - Corona                Hex            ##.....      10%         1    #......


Dungeon Overview and Level Annotations

Branches:
Dungeon (2/15)

Altars:


Innate Abilities, Weirdness & Mutations

You have sharp fingernails.
You are immune to rotting.


Message History

* * * LOW HITPOINT WARNING * * *
You feel sick. The adder bites you.
* * * LOW HITPOINT WARNING * * *
You take 6 damage, and have 4/24 hp.
O_OOPS!!
MASSIVE DAMAGE!!
* * * LOW HITPOINT WARNING * * *
You feel sick.
You take 1 damage, and have 3/24 hp.
Drink which item? (? for menu, Esc to quit)
You feel better.
The hobgoblin hits you but does no damage.
You regained 5 hp, and now have 8/24 hp.
Drink which item? (? for menu, Esc to quit)
It was a potion of haste.
You feel yourself speed up.
The hobgoblin hits you but does no damage.
You are very lightly contaminated with residual magic.
You hit the hobgoblin but do no damage.
The hobgoblin is almost dead.
You are feeling very hungry.
The hobgoblin barely misses you.
You hit the hobgoblin but do no damage.
The hobgoblin is almost dead.
The hobgoblin barely misses you.
You barely miss the hobgoblin.
The hobgoblin is almost dead.
You closely miss the hobgoblin.
The hobgoblin is almost dead.
The hobgoblin hits you but does no damage.
You barely miss the hobgoblin.
The hobgoblin is almost dead.
The hobgoblin hits you.
* * * LOW HITPOINT WARNING * * *
You take 3 damage, and have 6/24 hp.
You hit the hobgoblin but do no damage.
The hobgoblin is almost dead.
You hit the hobgoblin.
You kill the hobgoblin!
You miss the adder. The adder bites you but does no damage.
You hit the adder.
The adder is moderately wounded.
The adder barely misses you.
Your leather armour prevents you from hitting the adder.
The adder is moderately wounded.
The adder bites you but does no damage.
You closely miss the adder.
The adder is moderately wounded.
You miss the adder.
The adder is moderately wounded.
The adder bites you.
* * * LOW HITPOINT WARNING * * *
You are lethally poisoned!
The adder poisons you!
You take 2 damage, and have 4/24 hp.
You hit the adder but do no damage.
The adder is moderately wounded.
* * * LOW HITPOINT WARNING * * *
You feel sick. The adder bites you but does no damage.
You take 1 damage, and have 3/24 hp.
You closely miss the adder.
The adder is moderately wounded.
The adder bites you but does no damage.
You hit the adder.
The adder is heavily wounded.
The adder bites you.
* * * LOW HITPOINT WARNING * * *
You take 1 damage, and have 2/24 hp.
Unknown command.
You miss the adder.
The adder is heavily wounded.
* * * LOW HITPOINT WARNING * * *
You feel sick.
You take 1 damage, and have 1/24 hp.
Unknown command.
You closely miss the adder.
The adder is heavily wounded.
The adder bites you but does no damage.
Unknown command.
You miss the adder.
The adder is heavily wounded.
The adder bites you but does no damage.
Unknown command.
You barely miss the adder.
The adder is heavily wounded.
* * * LOW HITPOINT WARNING * * *
You feel sick. The adder barely misses you.
Unknown command.
You hit the adder.
The adder is almost dead.
The adder barely misses you.
Unknown command.
You barely miss the adder.
The adder is almost dead.
Unknown command.
You closely miss the adder.
The adder is almost dead.
The adder barely misses you.
Unknown command.
You hit the adder.
You kill the adder!
Your Unarmed Combat skill increases to level 2!
You die...

██ ███ ███.█ █.. ..█
█....█ █.█ █.██...... █.█
██.█....... █.█
..$....... █.█ █.........
██████████.████........█
█.......██....@?......█
███.█████.██...██████...█
....█████.█.....█ .█
██████..........█
█.██.█.....█
██████.██.██...██
.....█.██.███.██
.....█.██.. █.█
.......████ █..


There were no monsters in sight!

Vanquished Creatures
  2 adders (D:2)
  An ooze (D:1)
  2 bats (D:1)
  6 goblins (D:1)
  3 hobgoblins
  A kobold (D:1)
  A quokka (D:2)
  A ball python (D:1)
  3 rats (D:1)
20 creatures vanquished.

Notes
Turn   | Place    | Note
--------------------------------------------------------------
     0 | D:1      | Goblin1989 the Demonspawn Enchanter began the quest for the Orb.
     0 | D:1      | Reached XP level 1. HP: 13/13 MP: 3/3
    61 | D:1      | Reached skill level 1 in Short Blades
   304 | D:1      | Gained mutation: You have sharp fingernails. [demonic ancestry]
   304 | D:1      | Reached XP level 2. HP: 10/19 MP: 5/5
   490 | D:1      | Reached skill level 1 in Unarmed Combat
   927 | D:2      | Gained mutation: You are immune to rotting. [demonic ancestry]
   927 | D:2      | Reached XP level 3. HP: 18/24 MP: 6/6
  1228 | D:2      | HP: 1/24 [poisoned by an adder]
  1236 | D:2      | Succumbed to an adder's poison

Action                   || total
-------------------------++-------
Melee: Dagger            ||    77
       Unarmed           ||    48
  Use: Potion            ||     5
 Stab: Distracted        ||     1

Vault maps used:
D:1:      dpeg_arrival_simpleton_a, serial_bayou_pond_d
D:2:      uniq_sigmund
